 Dungeon Crawl Stone Soup version 0.28.0-53-g5a82cb258f (webtiles) character file.

Game seed: 18333211425944890098

287 DemonSlayer the Firebug (level 6, 0/43 HPs)
             Began as a Demonspawn Fire Elementalist on July 22, 2022.
             Killed by divine providence
             ... invoked by an orc priest
              (14 damage)
             ... on level 4 of the Dungeon.
             The game lasted 00:09:10 (5049 turns).

DemonSlayer the Firebug (DsFE)                      Turns: 5049, Time: 00:09:10

Health: 0/43       AC:  2    Str:  8    XL:     6   Next: 8%
Magic:  0/11       EV: 17    Int: 22    God:
Gold:   180        SH:  0    Dex: 14    Spells: 2/12 levels left

rFire   . . .      SeeInvis .   g - +4 executioner's axe (vorpal)
rCold   . . .      Faith    .   (shield currently unavailable)
rNeg    . . .      Spirit   +   a - +0 robe
rPois   .          Reflect  .   (no helmet)
rElec   .          Harm     .   (no cloak)
rCorr   .          Rampage  .   (no gloves)
Will    .....                   (no boots)
Stlth   ++........              h - amulet of guardian spirit
HPRegen 0.14/turn               (no ring)
MPRegen 0.12/turn               (no ring)

@: agile
A: demonic guardian 1, powered by pain 2, big brain 2
a: no special abilities


You were on level 4 of the Dungeon.
You visited 1 branch of the dungeon, and saw 4 of its levels.

You collected 180 gold pieces.

Inventory:

Hand Weapons
 g - a +4 vorpal executioner's axe (weapon)
Armour
 a - a +0 robe (worn)
Jewellery
 h - an amulet of guardian spirit (around neck)
Scrolls
 b - a scroll of amnesia {unknown}
 c - 2 scrolls of immolation
 d - 2 scrolls of vulnerability {unknown}
 j - a scroll of fog
 k - a scroll of teleportation
 l - a scroll of identify
Potions
 e - a potion of flight
 f - 2 potions of lignification {unknown}
 n - a potion of magic


   Skills:
 + Level 1.4 Fighting
 + Level 0.8 Long Blades
 + Level 1.0 Axes
 + Level 2.1 Dodging
 + Level 2.3 Stealth
 + Level 3.6 Spellcasting
 + Level 1.5 Conjurations
 + Level 4.1 Fire Magic
 + Level 0.4 Evocations


You had 2 spell levels left.
You knew the following spells:

 Your Spells              Type           Power      Damage    Failure   Level
a - Foxfire               Conj/Fire      64%        2x1d7     3%          1
b - Scorch                Fire           44%        2d7       3%          2
c - Conjure Flame         Conj/Fire      16%        6-21      11%         3
d - Flame Wave            Conj/Fire      16%        2d6       34%         4

Your spell library contained the following spells:

 Spells                   Type           Power      Damage    Failure   Level
 Inner Flame              Hex/Fire       13%        N/A       16%         3
 Petrify                  Tmut/Erth      3%         N/A       75%         4
 Metabolic Englaciation   Hex/Ice        1%         N/A       97%         5
 Statue Form              Tmut/Erth      2%         N/A       100%        6


Dungeon Overview and Level Annotations

Branches:
Dungeon (4/15)
 Temple: D:4-7

Altars:
Okawaru


Innate Abilities, Weirdness & Mutations

A weak demonic guardian rushes to your aid.
You sometimes gain power by taking damage.
You have an extremely huge brain. (Int +4)


Message History

A demonic guardian appears!
The orc priest hits you with a +0 flail!
You barely miss the orc priest.
The orc priest is severely wounded.
The orc priest calls down the wrath of Beogh upon you.
Beogh smites you!
* * * LOW HITPOINT WARNING * * *
You focus on the pain.
You feel agile all of a sudden.
The orc priest miscasts a cantrip.
Your ufetubus hits the orc priest. Your ufetubus misses the orc priest.
The orc priest begins to cast a cantrip, but forgets the words!
You hit the orc priest.
You kill the orc priest!
The orc priest invokes the aid of Beogh against you.
Beogh smites you!
* * * LOW HITPOINT WARNING * * *
The adder skeleton bites you but does no damage.
You have reached level 6!
Your demonic ancestry asserts itself...
You feel even more energised by your suffering.
It was a potion of curing.
You feel better.
The orc priest is no longer more vulnerable to fire.
Your ufetubus barely misses the adder skeleton.
Your ufetubus hits the adder skeleton.
The orc priest looks braver for a moment.
The adder skeleton misses you.
Your ufetubus barely misses the adder skeleton.
Your ufetubus hits the adder skeleton. Your ufetubus hits the adder skeleton.
The adder skeleton is destroyed!
Your Axes skill increases to level 1!
Unknown command.
The orc priest invokes the aid of Beogh against you.
Beogh smites you!
* * * LOW HITPOINT WARNING * * *
You feel better.
The orc priest invokes the aid of Beogh against you.
Beogh smites you!
You die...

.###### #.# ....# #.#
###.#.#####.# ###
.>........#.### #..
))....<....... #.#
.##.#.###.#.###.###)#
###.#.# #.....#...).#
....#.# #.###.#####o#
#####.# #.# #...@5..#
#.#
#.###.#####....$..
#.# #.....# ########
#.# ###.###
#####.#####.##
.......(.(...#
############.# .# .#


You could see an orc priest and a friendly ufetubus (summoned).

Vanquished Creatures
  3 jellies
  An orc priest (D:4)
  Terence (D:2)
  A gnoll (D:1)
  2 adders
  4 dart slugs
  10 orcs
  5 bats
  13 endoplasms
  8 giant cockroaches
  5 goblins
  5 hobgoblins
  2 jackals (D:1)
  11 kobolds
  A quokka (D:1)
  A ball python (D:3)
  8 rats
81 creatures vanquished.

Vanquished Creatures (collateral kills)
  An adder skeleton (D:4)
  A dart slug (D:1)
  3 kobolds (D:3)
5 creatures vanquished.

Vanquished Creatures (others)
  79 foxfires
  A fungus (D:3)
  6 plants (D:2)
  10 toadstools (D:3)
96 creatures vanquished.

Grand Total: 182 creatures vanquished

Notes
Turn   | Place    | Note
-------+----------+-------------------------------------------
     0 | D:1      | DemonSlayer the Demonspawn Fire Elementalist began the
                  | quest for the Orb.
     0 | D:1      | Reached XP level 1. HP: 13/13 MP: 3/3
   158 | D:1      | Reached skill level 3 in Fire Magic
   158 | D:1      | Gained mutation: You have an unusually large brain. (Int
                  | +2) [demonic ancestry]
   158 | D:1      | Reached XP level 2. HP: 7/19 MP: 1/5
   161 | D:1      | Learned a level 2 spell: Scorch
  1309 | D:2      | Gained mutation: You sometimes gain a little power by
                  | taking damage. [demonic ancestry]
  1309 | D:2      | Reached XP level 3. HP: 21/24 MP: 1/6
  1549 | D:2      | Noticed Terence
  1672 | D:3      | Found an iron altar of Okawaru.
  1897 | D:3      | Reached skill level 1 in Fighting
  2334 | D:3      | Gained mutation: A weak demonic guardian rushes to your
                  | aid. [demonic ancestry]
  2334 | D:3      | Reached XP level 4. HP: 19/32 MP: 2/7
  3687 | D:3      | Gained mutation: You have an extremely huge brain. (Int +4)
                  | [demonic ancestry]
  3687 | D:3      | Reached XP level 5. HP: 37/37 MP: 1/9
  3730 | D:2      | Reached skill level 4 in Fire Magic
  3963 | D:2      | Killed Terence
  3978 | D:2      | Learned a level 3 spell: Conjure Flame
  3983 | D:2      | Learned a level 4 spell: Flame Wave
  3993 | D:2      | Identified a scroll of acquirement
  3993 | D:2      | Acquired a +4 vorpal executioner's axe
  4430 | D:1      | Found a faded altar of an unknown god.
  4482 | D:1      | You fall into a shaft and drop 1 floor!
  5044 | D:4      | Gained mutation: You sometimes gain power by taking damage.
                  | [demonic ancestry]
  5044 | D:4      | Reached XP level 6. HP: 4/43 MP: 0/11
  5046 | D:4      | Reached skill level 1 in Axes
  5049 | D:4      | Killed from afar by an orc priest

Illustrated notes

Levels and vault maps discovered:
D:1:      mushboom_english_gardens, layout_rooms,
          shapermc_ecumenical_altar_totnotflames, minivault_27
D:2:      cheibrodos_old_hovel, layout_basic, uniq_terence
D:3:      cheibrodos_fertilizer, layout_loops_ring, okawaru_gym_becter,
          minmay_pentomino_pile
D:4:      layout_loops_ring, mainiacjoe_overflow_brackets,
          nicolae_gozag_seed_capital, elyvilon_altar_3, minmay_mini_jars

Skill      XL: |  1  2  3  4  5  6 |
---------------+-------------------+-----
Fire Magic     | 3 4 |  4.1
Fighting       | 1 |  1.4
Stealth        | 2 |  2.3
Dodging        | 2 |  2.1
Spellcasting   | 3 |  3.6
Axes           | 1 |  1.0
Long Blades    | |  0.8
Conjurations   | |  1.5
Evocations     | |  0.4

Action                   |  1- 3 |  4- 6 || total
-------------------------+-------+-------++-------
Melee: Dagger            |    15 |       ||    15
       Unarmed           |     1 |       ||     1
       Long sword        |    47 |    31 ||    78
       Executioner's axe |       |    31 ||    31
 Cast: Foxfire           |    52 |       ||    52
       Scorch            |     9 |    34 ||    43
Evoke: Wand              |       |    10 ||    10
  Use: Scroll            |     1 |     8 ||     9
       Potion            |       |     2 ||     2
 Stab: Sleeping          |       |     1 ||     1
       Paralysed         |       |     8 ||     8
       Distracted        |       |     1 ||     1
Armor: Robe              |    12 |    18 ||    30
Dodge: Dodged            |    50 |    54 ||   104
